 Dungeon Crawl Stone Soup version 0.30.0-5-g1a98f26d00 (webtiles) character file.

Game seed: 5830997379595740930

124 LaggoTC the Grave Robber (level 5, -1/37 HPs)
             Began as a Human Necromancer on May 13, 2023.
             Slain by a black bear (2 damage)
             ... on level 4 of the Dungeon.
             The game lasted 00:12:58 (1651 turns).

LaggoTC the Grave Robber (Human Necromancer)        Turns: 1651, Time: 00:12:58

Health: -1/37      AC:  3    Str: 11    XL:     5   Next: 30%
Magic:  6/8        EV: 12    Int: 15    God:
Gold:   54         SH:  0    Dex: 13    Spells: 4/8 levels left

rFire   . . .        q - +5 whip
rCold   . . .        i - orb {*Rage}
rNeg    . . .        a - +0 robe
rPois   .            l - +0 helmet
rElec   .            (no cloak)
rCorr   .            (no gloves)
SInv    .            (no boots)
Will    +....        o - amulet of the acrobat
Stlth   ++           k - ring of willpower
HPRegen 0.26/turn    (no ring)
MPRegen 0.11/turn

%: random rage (20%), acrobat
@: on berserk cooldown, slowed, very slow
A: no striking features
a: no special abilities


You were on level 4 of the Dungeon.
You visited 1 branch of the dungeon, and saw 4 of its levels.

You collected 54 gold pieces.

Inventory:

Hand Weapons
 e - a +0 flail
 q - a +5 whip (weapon)
Armour
 a - a +0 robe (worn)
 i - an orb of wrath (worn)
 l - a +0 helmet (worn)
Jewellery
 k - a ring of willpower (left hand)
 o - an amulet of the acrobat (around neck)
Scrolls
 c - 2 scrolls of identify
 g - a scroll of vulnerability {unknown}
 h - a scroll of enchant weapon {unknown}
 j - a scroll of silence
 m - a scroll of fog {unknown}
 n - a scroll of blinking {unknown}
 p - a scroll of poison {unknown}
 r - a scroll of amnesia {unknown}
 s - 2 scrolls of enchant armour
Potions
 b - a potion of magic
 d - 2 potions of curing {unknown}
 f - a potion of attraction {unknown}
 t - a potion of resistance {unknown}


   Skills:
 * Level 1.5 Fighting
 * Level 1.9 Maces & Flails
 * Level 1.5 Armour
 - Level 2.0 Dodging
 - Level 2.0 Stealth
 * Level 2.4 Spellcasting
 * Level 4.8 Necromancy


You had 4 spell levels left.
You knew the following spells:

 Your Spells              Type           Power      Damage    Failure   Level
a - Necrotise             Necr           64%        1d7       3%          1
b - Vampiric Draining     Necr           16%        2d7       9%          3

Your spell library contained the following spells:

 Spells                   Type           Power      Damage    Failure   Level
 Sandblast                Erth           2%         2d4       22%         1
 Animate Dead             Necr           16%        N/A       28%         4
 Passwall                 Tmut/Erth      0%         N/A       32%         2
 Stone Arrow              Conj/Erth      2%         3d7       54%         3
 Vhi's Electric Charge    Tloc/Air       2%         N/A       54%         3
 Agony                    Necr           16%        N/A       63%         5
 Arcjolt                  Conj/Air       0%         1d10      99%         5
 Maxwell's Capacitive Co  Air            0%         ∞         100%        8


Dungeon Overview and Level Annotations

Branches:
Dungeon (4/15)
 Temple: D:4-7

Altars:
Dithmenos
Ru
Wu Jian

Shops:
D:3 [


Message History

Press: ? - help, Shift-Dir - straight line, f/p - black bear
Aim: a black bear (moderately wounded, chance to affect: 73%)
The black bear struggles to resist.
The black bear attacks as you move away!
The black bear bites you. The black bear closely misses you.
The black bear claws you. The black bear completely misses you.
The black bear claws you. The black bear misses you.
You hit the black bear.
The black bear is moderately wounded.
The adder closely misses you. The adder bites you but does no damage.
The black bear misses you. The black bear barely misses you.
The black bear claws you.
You hit the black bear.
The black bear is severely wounded.
The adder barely misses you. The black bear bites you.
The black bear claws you. The black bear barely misses you.
The adder bites you.
You are poisoned.
The adder poisons you! The black bear bites you. The black bear claws you.
The black bear completely misses you.
You feel sick. The adder completely misses you.
Casting: Necrotise (safe; 3% risk of failure)
Confirm with . or Enter, or press ? or * to list all spells.
Aiming: Necrotise (safe; 3% risk of failure)
Press: ? - help, Shift-Dir - straight line, f/p - black bear
Aim: a black bear (severely wounded, chance to affect: 73%)
The black bear writhes in agony.
You feel sick. The adder barely misses you.
The black bear goes berserk!
The adder barely misses you. The black bear misses you.
The black bear claws you. x2
* * * LOW HITPOINT WARNING * * *
You hit the black bear.
The black bear is almost dead.
You feel sick.
You are no longer poisoned.
The adder barely misses you. The black bear bites you.
* * * LOW HITPOINT WARNING * * *
The black bear misses you. The black bear closely misses you.
The adder barely misses you. The black bear misses you.
The black bear claws you.
You die...

#.# #.##.. #############.#
..#... #.............#
#....
#.............#####.=..
#.).................#
#######.#...........#
≈≈≈≈≈..#'...........#
.....≈.##.......hS..#
.≈≈§.≈.##.......@...#
§...≈≈.##..........†#
≈._§§≈.#######.##.........
≈...§≈.# #.##.........
.§§§.≈.# #.##.........
§§§..≈.# #. #..:...(..
§§≈≈§..## #.........
#######.# #.!.......
#........ #.........


You could see a black bear (berserk) and an adder.

Vanquished Creatures
  A hound (D:4)
  Jessica (D:2)
  2 adders
  A worm (D:3)
  2 dart slugs (D:3)
  An orc (D:3)
  4 bats
  6 endoplasms
  2 giant cockroaches
  5 goblins
  2 hobgoblins
  5 kobolds
  A quokka (D:3)
  2 ball pythons (D:3)
  2 frilled lizards (D:3)
  3 rats
40 creatures vanquished.

Vanquished Creatures (collateral kills)
  A kobold (D:1)
1 creature vanquished.

Grand Total: 41 creatures vanquished

Notes
Turn   | Place    | Note
-------+----------+-------------------------------------------
     0 | D:1      | LaggoTC the Human Necromancer began the quest for the Orb.
     0 | D:1      | Reached XP level 1. HP: 13/13 MP: 3/3
   286 | D:2      | Noticed Jessica
   309 | D:2      | Killed Jessica
   310 | D:2      | Reached skill level 1 in Armour
   310 | D:2      | Reached XP level 2. HP: 20/20 MP: 0/5
   310 | D:2      | Reached XP level 3. HP: 25/25 MP: 0/6
   560 | D:2      | Learned a level 3 spell: Vampiric Draining
   561 | D:3      | Found Peeng's Antique Armour Shoppe.
   588 | D:3      | Found an ornate altar of the Wu Jian Council.
   634 | D:3      | Reached skill level 1 in Fighting
   634 | D:3      | Reached XP level 4. HP: 32/32 MP: 7/7
   810 | D:3      | Found a shadowy altar of Dithmenos.
  1195 | D:3      | Reached skill level 1 in Maces & Flails
  1485 | D:4      | Reached XP level 5. HP: 37/37 MP: 5/8
  1493 | D:4      | Found a sacrificial altar of Ru.
  1641 | D:4      | Noticed a black bear
  1651 | D:4      | HP: 1/37 [black bear (5)]
  1651 | D:4      | Slain by a black bear

Illustrated notes

Levels and vault maps discovered:
D:1:      dpeg_arrival_rooms_a, layout_loops_cross, serial_glass,
          glass_columns_b, glass_columns_a, minmay_misc_feat_enclosed
D:2:      layout_basic, uniq_jessica
D:3:      minmay_thinvault, layout_loops_ring, mainiacjoe_overflow_alcove_4,
          nicolae_wu_jian_wuxing_cycle, nicolae_dithmenos_shadow_blocks,
          serial_shops, shop, uniq_sigmund
D:4:      layout_basic, mainiacjoe_overflow_paths

Skill      XL: |  1  2  3  4 |
---------------+-------------+-----
Armour         | 1 |  1.5
Fighting       | 1 |  1.5
Maces & Flails | 1 |  1.9
Dodging        | |  2.0
Stealth        | |  2.0
Spellcasting   | |  2.4
Necromancy     | |  4.8

Action                     |  1- 3 |  4- 6 || total
---------------------------+-------+-------++-------
  Melee: Flail             |    28 |    43 ||    71
         Unarmed           |     5 |       ||     5
         Whip              |       |    27 ||    27
   Cast: Necrotise         |    12 |     5 ||    17
    Use: Scroll            |       |     2 ||     2
   Stab: Sleeping          |     3 |     1 ||     4
 Armour: Robe              |     8 |    19 ||    27
  Dodge: Dodged            |    22 |    67 ||    89
